 Dungeon Crawl Stone Soup version 0.26-a0-651-gb41185065b (webtiles) character file.

Game seed: 13932567847860055126

886 tof the Twirler (level 7, -2/56 HPs)
             Began as a Demonspawn Gladiator on Sept 30, 2020.
             Was a Follower of Wu Jian.
             Slain by Prince Ribbit (6 damage)
             ... on level 5 of the Dungeon.
             The game lasted 00:08:56 (5203 turns).

tof the Twirler (Demonspawn Gladiator)              Turns: 5203, Time: 00:08:56

Health: -2/56      AC:  6    Str: 15    XL:     7   Next: 76%
Magic:  7/7        EV: 15    Int:  9    God:    Wu Jian [*.....]
Gold:   166        SH:  0    Dex: 16    Spells: 6/6 levels left

rFire    + . .     SeeInvis .   a - +0 quarterstaff
rCold    . . .     Faith    .   (shield currently unavailable)
rNeg     + . .     Spirit   .   b - +0 leather armour
rPois    .         Reflect  .   c - +0 helmet
rElec    .         Harm     .   r - +0 cloak
rCorr    .         Rampage  .   u - +0 pair of gloves
MR       .....                  (no boots)
Stlth    ++........             (no amulet)
HPRegen  0.18/turn              t - ring of positive energy
MPRegen  0.10/turn              h - ring of protection from fire

@: no status effects
A: talons 2, sturdy frame 1
a: Renounce Religion


You were on level 5 of the Dungeon.
You worshipped Wu Jian.
Wu Jian was aware of your devotion.
You visited 1 branch of the dungeon, and saw 5 of its levels.

You collected 166 gold pieces.

Inventory:

Hand Weapons
 a - a +0 quarterstaff (weapon)
 p - a cursed -2 hunting sling
Missiles
 d - 4 throwing nets (quivered)
 q - 8 silver boomerangs
Armour
 b - a +0 leather armour (worn)
 c - a +0 helmet (worn)
 r - a +0 cloak (worn)
 u - a +0 pair of gloves (worn)
Jewellery
 e - an uncursed ring of magical power
 h - a ring of protection from fire (right hand)
 t - a ring of positive energy (left hand)
 w - a cursed ring of attention {unknown}
Scrolls
 f - 2 scrolls of blinking {unknown}
 i - 3 scrolls of identify {unknown}
 j - 2 scrolls of remove curse {unknown}
 l - a scroll of enchant armour {unknown}
 n - a scroll of immolation {unknown}
 s - a scroll of fog {unknown}
 v - a scroll of amnesia {unknown}
Potions
 g - 2 potions of haste {unknown}
 k - a potion of degeneration {unknown}
 m - 2 potions of curing {unknown}
 o - 3 potions of brilliance {unknown}
 x - a potion of cancellation {unknown}


   Skills:
 + Level 5.2 Fighting
 + Level 5.2 Staves
 - Level 2.4 Throwing
 + Level 0.5 Armour
 + Level 5.2 Dodging
 + Level 0.6 Stealth


You had 6 spell levels left.
You didn't know any spells.
Your spell library was empty.

Dungeon Overview and Level Annotations

Branches:
Dungeon (5/15)
 Temple: D:4-7

Altars:
Dithmenos
Kikubaaqudgha
Nemelex Xobeh
Okawaru
Trog
Wu Jian
Yredelemnul
The Shining One

Shops:
D:4 =

Annotations:
D:5 Prince Ribbit


Innate Abilities, Weirdness & Mutations

You have razor-sharp toenails.
Your movements are slightly less encumbered by armour. (ER -2)


Message History

You closely miss Prince Ribbit. Your kick misses Prince Ribbit.
Prince Ribbit is heavily wounded.
Prince Ribbit hits you! x2
* * * LOW HITPOINT WARNING * * *
You miss Prince Ribbit. You claw Prince Ribbit.
Prince Ribbit is heavily wounded.
Prince Ribbit misses you.
You barely miss Prince Ribbit.
Prince Ribbit is heavily wounded.
Prince Ribbit hits you.
* * * LOW HITPOINT WARNING * * *
Prince Ribbit closely misses you.
You miss Prince Ribbit. You claw Prince Ribbit.
Prince Ribbit is severely wounded.
Prince Ribbit closely misses you.
You barely miss Prince Ribbit.
You claw Prince Ribbit, but do no damage.
Prince Ribbit is severely wounded.
Prince Ribbit hits you.
You die...

#......#.....#......#.........
.##......#.....#......'.........
Z........#.....#......#.........
.ยง.......#.....##'#####......###
.........#...............#####
....$....#...............#
#......+...............#
.#####'##...............#
..............F@.[.......#
.........................##+#
..........###+##........##..#
..........# #........#...#
..........# +........#...####
......#+### #........#.......
...... #.......$#....... #....
#........#....... #.......
#...##..


You could see Prince Ribbit.

Vanquished Creatures
  A phantom (D:4)
  2 ogres (D:4)
  3 vampire bats (D:3)
  An orc priest (D:3)
  3 hounds
  An orc wizard (D:3)
  Jessica (D:3)
  Natasha (D:4)
  An iguana (D:5)
  A worker ant (D:4)
  A worker ant zombie (D:4)
  10 adders
  2 ufetubi (D:5)
  3 oozes
  3 adder skeletons
  3 worms
  2 dart slugs (D:2)
  3 leopard geckos
  8 orcs (D:3)
  6 bats
  4 bat skeletons (D:3)
  A bat zombie (D:3)
  6 giant cockroaches
  13 goblins
  7 hobgoblins
  5 jackals
  8 kobolds
  2 quokkas (D:5)
  A ball python (D:3)
  7 frilled lizards
  A giant cockroach zombie (D:5)
  15 rats
126 creatures vanquished.

Notes
Turn   | Place    | Note
-------+----------+-------------------------------------------
     0 | D:1      | tof the Demonspawn Gladiator began the quest for the Orb.
     0 | D:1      | Reached XP level 1. HP: 16/16 MP: 1/1
   256 | D:1      | Gained mutation: Your movements are slightly less
                  | encumbered by armour. (ER -2) [demonic ancestry]
   256 | D:1      | Reached XP level 2. HP: 8/22 MP: 2/2
   817 | D:1      | Reached XP level 3. HP: 27/28 MP: 3/3
   868 | D:1      | You fall into a shaft and drop 1 floor!
  1547 | D:2      | Gained mutation: You have sharp toenails. [demonic
                  | ancestry]
  1547 | D:2      | Reached XP level 4. HP: 22/34 MP: 4/4
  2239 | D:3      | Gained mutation: You have razor-sharp toenails. [demonic
                  | ancestry]
  2239 | D:3      | Reached XP level 5. HP: 32/41 MP: 5/5
  2544 | D:3      | Found a sparkling altar of Nemelex Xobeh.
  2913 | D:3      | Noticed Jessica
  2935 | D:3      | Killed Jessica
  3307 | D:3      | Found a basalt altar of Yredelemnul.
  3312 | D:3      | Reached XP level 6. HP: 43/48 MP: 6/6
  3342 | D:3      | Found an ornate altar of the Wu Jian Council.
  3350 | D:3      | Became a worshipper of the Wu Jian Council
  3355 | D:3      | Found a bloodstained altar of Trog.
  3455 | D:3      | Found an ancient bone altar of Kikubaaqudgha.
  3651 | D:4      | Reached XP level 7. HP: 39/55 MP: 7/7
  3891 | D:4      | Reached skill level 5 in Fighting
  3891 | D:4      | Reached skill level 5 in Staves
  3891 | D:4      | Reached skill level 5 in Dodging
  4202 | D:4      | Found Piujenawn's Jewellery Shoppe.
  4254 | D:4      | Found a shadowy altar of Dithmenos.
  4385 | D:4      | Noticed Natasha
  4391 | D:4      | Killed Natasha
  4625 | D:4      | Found a glowing golden altar of the Shining One.
  4843 | D:4      | Found an iron altar of Okawaru.
  4969 | D:5      | Entered Level 5 of the Dungeon
  5047 | D:5      | Reached * piety under Wu Jian
  5151 | D:5      | Found an iron altar of Okawaru.
  5186 | D:5      | Noticed Prince Ribbit
  5203 | D:5      | Slain by Prince Ribbit

Illustrated notes

Levels and vault maps discovered:
D:1:      minmay_arrival_split_and_join, layout_rooms, minivault_5
D:2:      layout_basic, minmay_goblin_outpost
D:3:      layout_rooms, minmay_overflow_temple_star_quad,
          kennysheep_vampire_church, minmay_misc_feat_square,
          nemelex_altar_shiori, uniq_jessica
D:4:      layout_loops_corners, lemuel_round_altar, kennysheep_mini_moat,
          kennysheep_mini, serial_shops, shop, uniq_natasha
D:5:      layout_gridville, lemuel_altar_in_water, uniq_prince_ribbit1,
          uniq_ijyb

Skill      XL: |  1  2  3  4  5  6  7 |
---------------+----------------------+-----
Throwing       | 2 |  2.4
Dodging        | 3 4 5 |  5.2
Staves         | 3 4 5 |  5.2
Fighting       | 3 4 5 |  5.2
Armour         | |  0.5
Stealth        | |  0.6

Action                   |  1- 3 |  4- 6 |  7- 9 || total
-------------------------+-------+-------+-------++-------
Melee: Quarterstaff      |   132 |   183 |    77 ||   392
       Kick              |       |    53 |    26 ||    79
Throw: Throwing net      |       |     1 |       ||     1
Invok: Lunge             |       |     2 |    11 ||    13
 Stab: Sleeping          |       |     3 |     1 ||     4
Armor: Leather armour    |    46 |    48 |    10 ||   104
Dodge: Dodged            |   106 |   144 |    55 ||   305

Table legend: (Time is in decaauts)
 A = Elapsed time spent in this place.
 B = Non-inter-level travel time spent in this place.
 C = Inter-level travel time spent in this place.
 D = Time resting spent in this place.
 E = Time spent auto-exploring this place.
 F = Levels seen in this place.
 G = Mean time per level.
                   A        B        C        D        E       F      G
               +--------+--------+--------+--------+--------+-----+--------+
         Total |   5244 |   5113 |    131 |   2183 |   1887 |   5 | 1048.8 |
       Dungeon |   5244 |   5113 |    131 |   2183 |   1887 |   5 | 1048.8 |
               +--------+--------+--------+--------+--------+-----+--------+

Top non-repeatable levels by time:
     D:2: 1467 daAuts
     D:4: 1398 daAuts
     D:3: 1264 daAuts
     D:1: 878 daAuts
     D:5: 234 daAuts
